cohdb
Replays
Latest Replays
All Replays
Popular Replays
Top Player Replays
Match Explorer
How It Works
Community
CoH3 Stats
Reddit
Sign in to upload your games and track your stats! →
Sign in with Steam
Match 41371457
Unlisted
Match 41371457
Overview
Messages
Build Orders
End
Construct Barracks
Selects Armored Battlegroup
Selects Assault Engineers
Assault Engineer Squad
1⁄4-ton 4x4 Truck
Assault Engineer Squad
M1 Mortar Team
Construct Medical Station
Assault Engineer Squad
Air Support Center
M1 Mortar Team
Construct Tank Depot
Selects Fast Deploy
Selects Seek and Destroy
Grasshopper Recon Run
P-47 Dive Bomb
Selects UNKNOWN (2160077)
M4A3E8 Sherman Easy Eight
Grasshopper Recon Run
M4A3E8 Sherman Easy Eight
Grasshopper Recon Run
P-47 Dive Bomb
M4A3E8 Sherman Easy Eight
Selects Field Repairs
P-47 Strafing Run
Grasshopper Recon Run
M4A3E8 Sherman Easy Eight
P-47 Dive Bomb
Selects War Machine
Field Repairs
Assault Engineer Squad
Assault Engineer Squad
Grasshopper Recon Run
IronPixie
ChuckleBerry
koba (Monkey man)
小桐乐
Ahriman
Chen
Valdai
2015044103
0
0
Comments
sign in to comment!
No comments posted yet!